 Dungeon Crawl Stone Soup version 0.19-a0-1626-g5215c36 (webtiles) character file.

37 jacquesderrida the Insei (level 3, -2/18 HPs)
             Began as a Vine Stalker Skald on Sept 18, 2016.
             Slain by a leopard gecko (3 damage)
             ... on level 3 of the Dungeon.
             The game lasted 00:01:01 (413 turns).

jacquesderrida the Insei (Vine Stalker Skald)        Turns: 413, Time: 00:01:03

Health: -2/18      AC:  3    Str: 14    XL:     3   Next: 39%
Magic:  0/7        EV: 11    Int: 12    God:
Gold:   72         SH:  0    Dex: 14    Spells: 1 memorised, 5 levels left

rFire  . . .     SeeInvis .       - Unarmed
rCold  . . .     Gourm    .     a - +0 leather armour
rNeg   . . .     Faith    .     (no shield)
rPois  .         Spirit   +     (no helmet)
rElec  .         Dismiss  .     (no cloak)
rCorr  .         Reflect  .     (no gloves)
MR     .....     Harm     .     (no boots)
Stlth  +.........               (no amulet)
                                (no ring)
                                (no ring)

@: infused
A: fangs 2, magic shield, antimagic bite, no device heal 3, rot immunity
a: no special abilities


You were on level 3 of the Dungeon.
You were not hungry.

You visited 1 branch of the dungeon, and saw 3 of its levels.

You collected 72 gold pieces.

Inventory:

Armour
 a - a +0 leather armour (worn)
Scrolls
 d - 2 scrolls of identify {unknown}
 e - 2 scrolls of remove curse {unknown}
 f - a scroll of magic mapping {unknown}
Potions
 h - a potion of degeneration {unknown}
Books
 b - a book of Battle

   Spells                             Type                      Level
   a - Infusion                       Charms                       1
   b - Shroud of Golubria             Charms/Translocation         2
   c - Song of Slaying                Charms                       2
   d - Spectral Weapon                Hexes/Charms                 3
   e - Regeneration                   Charms/Necromancy            3
Comestibles
 c - 2 bread rations
 g - a slice of pizza


   Skills:
 - Level 1.7 Fighting
 - Level 0.7 Armour
 - Level 0.7 Dodging
 + Level 3.7 Unarmed Combat
 - Level 2.1 Spellcasting
 - Level 3.0 Charms


You had 5 spell levels left.
You knew the following spells:

 Your Spells              Type           Power        Failure   Level  Hunger
a - Infusion              Chrm           #...         12%         1    ##.....


Dungeon Overview and Level Annotations

Branches:
Dungeon (3/15)

Altars:

Portals:
Sewer: D:3


Innate Abilities, Weirdness & Mutations

You have extremely sharp teeth.
When hurt, damage is shared between your health and your magic reserves.
Your bite disrupts and absorbs the magic of your enemies.
Potions and wands cannot restore your health.
You are immune to rotting.


Message History

2 leopard geckos and a giant cockroach come into view.
The giant cockroach bites you but does no damage.
Found a glowing drain.
You enter the shallow water.
Moving in this stuff is going to be slow.
The giant cockroach misses you. The giant cockroach barely misses you.
The giant cockroach closely misses you.
The giant cockroach bites you but does no damage.
The giant cockroach completely misses you.
The giant cockroach bites you.
* * * LOW HITPOINT WARNING * * *
The giant cockroach barely misses you.
Casting: Infusion
Confirm with . or Enter, or press ? or * to list all spells.
You begin infusing your attacks with magical energy.
The giant cockroach closely misses you.
You hit the giant cockroach.
You kill the giant cockroach!
The leopard gecko bites you.
You die...

.######
.≈l≈≈≈≈##
≈ls∩.≈≈≈##
#≈≈≈≈≈≈..#
#########..#
##≈≈≈≈≈≈≈≈≈≈#
#≈.≈≈≈@l≈≈≈##
#.†≈########
#.#####..#
#........#
#####.#..#
#.#..#
#.#..#######
#.#<........
#.#.########


You could see a leopard gecko.

Vanquished Creatures
  2 adders (D:2)
  2 dart slugs (D:1)
  A leopard gecko (D:3)
  A bat (D:1)
  2 giant cockroaches (D:3)
  2 goblins
  A hobgoblin (D:2)
  2 kobolds
  A rat (D:2)
14 creatures vanquished.

Notes
Turn   | Place    | Note
-------+----------+-------------------------------------------
     0 | D:1      | jacquesderrida the Vine Stalker Skald began the quest for the Orb.
     0 | D:1      | Reached XP level 1. HP: 11/11 MP: 4/4
    85 | D:1      | Reached XP level 2. HP: 6/15 MP: 6/6
   297 | D:2      | Reached XP level 3. HP: 4/18 MP: 0/7
   406 | D:3      | Found a glowing drain.
   413 | D:3      | Slain by a leopard gecko

Vault maps used:
D:1:      dpeg_arrival_rooms_a
D:2:      ecumenical_altar_2, uniq_robin
D:3:      first_bread, gup_sewer_entry_pipe, uniq_terence

Skill      XL: |  1  2 |
---------------+-------+-----
Unarmed Combat | 3 |  3.7
Fighting       | |  1.7
Armour         | |  0.7
Dodging        | |  0.7
Spellcasting   | |  2.1
Charms         | |  3.0

Action                   || total
-------------------------++-------
Melee: Unarmed           ||    57
       Bite              ||    13
 Cast: Infusion          ||     3
Armor: Leather armour    ||    13
Dodge: Dodged            ||    35
